Map: Glittering Ashes LE

Players

LiquidClem (Clem) - Winner!

  • Race: Terran Terran

DPGZest (Zest)

  • Race: Protoss Protoss
  • League: Master

VOD

Have the link to the VOD?

Description

Time

  • Played on: Oct. 23, 2021, 1:14 p.m.
  • Length: 4:44
Show
View Real Time Build Order
Export as new Build Order

LiquidClem Terran - Winner!

Build Orders:  

Get SALT Encoding   

  12  0:00  SCV  
  13  0:12  SCV  
  14  0:17  Supply Depot  
  14  0:24  SCV  
  15  0:38  SCV  
  15  0:40  Barracks  
  16  0:42  Refinery  
  16  0:50  SCV  
  17  1:03  SCV  
  18  1:15  SCV  
  19  1:27  Marine, Orbital Command  
  20  1:45  Command Center  
  20  1:55  Factory  
  20  2:01  Barracks Reactor  
  20  2:03  SCV  
  21  2:09  Supply Depot  
  21  2:16  SCV  
  21  2:20  Bunker  
  22  2:29  SCV  
  23  2:38  Marine x2  
  23  2:42  Hellion, Starport  
  27  2:45  SCV  
  28  2:57  Orbital Command  
  28  3:02  Marine  
  28  3:03  Marine, Hellion  
  33  3:05  SCV  
  33  3:18  Medivac  
  35  3:23  SCV  
  35  3:24  SCV  
  35  3:25  Hellion  
  38  3:27  Marine x2  
  38  3:29  Supply Depot  
  40  3:35  SCV  
  40  3:36  Barracks  
  40  3:38  SCV  
  42  3:45  Marine x2  
  44  3:48  SCV  
  44  3:50  SCV  
  44  3:55  Barracks  
  46  4:00  SCV, Supply Depot  
  46  4:02  SCV  
  47  4:03  Marine x2  
  46  4:12  SCV  
  46  4:14  SCV  
  46  4:22  Marine x2  
  46  4:25  SCV  
  46  4:26  SCV  
Show
View Real Time Build Order
Export as new Build Order

DPGZest Protoss 

Build Orders: 1 Gate Expand, Oracle Opening 

Get SALT Encoding   

  12  0:00  Probe  
  13  0:13  Probe  
  14  0:18  Pylon  
  14  0:25  Probe (Chrono Boost)  
  15  0:37  Probe (Chrono Boost)  
  15  0:38  Gateway  
  16  0:45  Probe (Chrono Boost)  
  16  0:48  Assimilator  
  17  0:51  Probe  
  18  1:03  Probe  
  19  1:15  Probe  
  20  1:26  Cybernetics Core  
  20  1:36  Nexus  
  20  1:39  Probe  
  21  1:47  Pylon  
  21  1:52  Probe  
  22  1:56  Assimilator  
  22  2:02  Adept (Chrono Boost)  
  22  2:04  Probe  
  25  2:16  Probe  
  25  2:18  Stargate  
  26  2:23  Adept (Chrono Boost)  
  26  2:28  Probe  
  29  2:33  Warp Gate  
  29  2:40  Probe  
  30  2:48  Adept, Probe  
  33  2:52  Probe  
  34  3:01  Probe  
  34  3:03  Oracle (Chrono Boost)  
  34  3:04  Probe  
  36  3:09  Pylon  
  39  3:13  Probe  
  39  3:16  Probe  
  41  3:25  Probe  
  40  3:28  Probe  
  40  3:31  Oracle (Chrono Boost)  
  42  3:37  Probe  
  42  3:40  Probe  
  44  3:48  Nexus  
  44  3:49  Probe  
  44  3:50  Pylon  
  44  3:53  Probe  
  46  4:01  Probe, Oracle (Chrono Boost)  
  50  4:05  Probe  
  42  4:13  Probe  
  38  4:17  Probe  
  38  4:23  Adept  
  41  4:25  Probe  
  41  4:29  Probe  
Tags
 
Add a new tag
Caveats
  • Supply blocks, unpowered buildings, or Contaminate may cause inaccurate times.
  • Supply counts are checked every 10 seconds.